 Dungeon Crawl Stone Soup version 0.29.1-14-g9c671dbff4 (webtiles) character file.

Game seed: 16072235363750228144

272 Eitelfritz the Slasher (level 6, -1/51 HPs)
             Began as a Minotaur Gladiator on Feb 17, 2023.
             Slain by a gnoll
             ... wielding a +0 whip
             ... led by a gnoll bouda
              (7 damage)
             ... on level 3 of the Dungeon.
             The game lasted 00:05:59 (4222 turns).

Eitelfritz the Slasher (Minotaur Gladiator)         Turns: 4222, Time: 00:05:59

Health: -1/51      AC:  7    Str: 19    XL:     6   Next: 2%
Magic:  5/5        EV: 12    Int:  7    God:
Gold:   85         SH:  0    Dex: 11    Spells: 5/5 levels left

rFire   . . .      SeeInvis .   a - +0 halberd (flame)
rCold   . . .      Faith    .   (shield currently unavailable)
rNeg    . . .      Spirit   .   u - +0 ring mail
rPois   .          Reflect  .   c - +0 hat
rElec   .          Harm     .   m - +0 cloak
rCorr   .          Rampage  .   i - +0 pair of gloves
Will    .....                   (no boots)
Stlth   +.........              (no amulet)
HPRegen 0.17/turn               (no ring)
MPRegen 0.09/turn               (no ring)

@: no status effects
A: horns 2, retaliatory headbutt
a: no special abilities


You were on level 3 of the Dungeon.
You visited 1 branch of the dungeon, and saw 4 of its levels.

You collected 85 gold pieces.

Inventory:

Hand Weapons
 a - a +0 halberd of flaming (weapon)
 f - a +0 long sword
 t - a +2 mace of draining
Missiles
 b - 6 silver boomerangs
 d - 3 throwing nets
 e - a javelin
 j - 36 stones
 k - 5 poisoned darts (quivered)
 o - 4 boomerangs
Armour
 c - a +0 hat (worn)
 i - a +0 pair of gloves (worn)
 m - a +0 cloak (worn)
 u - a +0 ring mail (worn)
Scrolls
 l - a scroll of teleportation
 r - a scroll of blinking
Potions
 g - 2 potions of might
 h - a potion of brilliance
 n - 2 potions of attraction
 s - a potion of ambrosia
 v - 2 potions of heal wounds
 w - a potion of flight {unknown}


   Skills:
 + Level 3.4 Fighting
 + Level 5.9 Long Blades
 + Level 2.1 Throwing
 + Level 3.0 Armour
 + Level 4.4 Dodging
 + Level 0.5 Stealth


You had 5 spell levels left.
You didn't know any spells.
Your spell library was empty.

Dungeon Overview and Level Annotations

Branches:
Dungeon (4/15)
 Temple: D:4-7

Altars:
Ashenzari


Innate Abilities, Weirdness & Mutations

You have a pair of horns on your head.
You reflexively headbutt those who attack you in melee.


Message History

Natasha, Servant of Life and Death comes into view.
Reach: a) +0 halberd (flame)
Press: ? - help, Dir - move target, f - you
Okay, then.
You slash Natasha! You burn Natasha.
You kill Natasha!
You feel Natasha's spirit has finally been put to rest.
Your Armour skill increases to level 3!
You have reached level 6!
There is a stone staircase leading down here.
You climb downwards.
The iguana bites you! The gnoll hits you with a +0 whip.
There is a stone staircase leading up, spattered with blood here.
The iguana barely misses you.
The gnoll bouda gazes fiercely through you!
You feel your attacks grow feeble.
You climb upwards.
There is a stone staircase leading down here.
You completely miss the gnoll. Your headbutt misses the gnoll.
The iguana misses you. You furiously retaliate!
You headbutt the iguana, but do no damage.
The gnoll hits you with a +0 whip. The iguana closely misses you.
You barely miss the gnoll. The gnoll hits you with a +0 whip.
The iguana bites you! The gnoll hits you with a +0 whip.
* * * LOW HITPOINT WARNING * * *
You closely miss the gnoll.
Your attacks no longer feel as feeble.
The iguana misses you. The gnoll barely misses you.
The iguana closely misses you.
Unknown command.
You closely miss the gnoll. Your headbutt misses the gnoll.
The gnoll hits you but does no damage. The iguana bites you.
* * * LOW HITPOINT WARNING * * *
The gnoll hits you but does no damage.
Unknown command.
You hit the gnoll. You burn the gnoll.
The gnoll is heavily wounded.
The iguana bites you.
* * * LOW HITPOINT WARNING * * *
The gnoll hits you with a +0 whip!
You die...

####.# #.## ##.....##
#..# #.# ##...## #.##
#.# #####'### #.#
###### #.....†.# #.#
#...# #####...# #.#
#.8.# #.....#.## #.#
####...###.⌠.......
#.#
#.g..............#.
######.#
#.@......÷.###...#.
#......# #.l........#
#...#. #.######
####†......####....
..# #..........#....
###
######........<.#..##
#...............####
#....⌠.###...#####
#......# #.8.# #.#
#.###### #...# #.#


You could see an iguana and a gnoll.

Vanquished Creatures
  Blork the orc (D:4)
  Natasha (thrice) (D:3)
  A gnoll (D:4)
  4 adders
  2 worms (D:2)
  4 dart slugs
  3 orcs (D:3)
  8 endoplasms
  3 giant cockroaches
  5 goblins
  6 jackals
  7 quokkas
  2 ball pythons (D:2)
  2 bats
  3 frilled lizards
  7 kobolds
  7 rats
68 creatures vanquished.

Notes
Turn   | Place    | Note
-------+----------+-------------------------------------------
     0 | D:1      | Eitelfritz the Minotaur Gladiator began the quest for the
                  | Orb.
     0 | D:1      | Reached XP level 1. HP: 18/18 MP: 0/0
   540 | D:1      | Reached XP level 2. HP: 19/25 MP: 1/1
   643 | D:1      | Found a faded altar of an unknown god.
   696 | D:1      | Reached skill level 4 in Long Blades
  1480 | D:2      | Reached XP level 3. HP: 23/30 MP: 2/2
  1798 | D:2      | Found a broken altar of Ashenzari.
  1812 | D:2      | Reached skill level 1 in Armour
  2293 | D:3      | Reached XP level 4. HP: 37/37 MP: 3/3
  2912 | D:3      | Reached skill level 5 in Long Blades
  3371 | D:3      | Noticed Natasha
  3382 | D:3      | Killed Natasha
  3562 | D:3      | Reached XP level 5. HP: 41/45 MP: 4/4
  3636 | D:3      | Noticed Natasha
  3648 | D:3      | Killed Natasha
  3799 | D:4      | Noticed Blork the orc
  3813 | D:4      | Killed Blork the orc
  4208 | D:3      | Noticed Natasha
  4210 | D:3      | Killed Natasha
  4211 | D:3      | Reached XP level 6. HP: 45/51 MP: 5/5
  4222 | D:3      | Slain by a gnoll

Illustrated notes

Levels and vault maps discovered:
D:1:      erik_arrival_orb_chamber, layout_loops_corners,
          hellmonk_ecumenical_altar_defaced_shrine, st_stairs_6
D:2:      layout_basic, basic_altar, nicolae_eternal_life
D:3:      layout_loops_corners, skrybe_limestone_x,
          nicolae_elevator_lobby_asterisk, uniq_natasha
D:4:      layout_gridville, worldfamousw_hep_ancestral_shrine,
          minmay_temple_entry_tees, minmay_misc_feat_cross, st_stairs_13,
          hangedman_glass_teeth, guppyfry_early_lair_pool, uniq_blork_the_orc

Skill      XL: |  1  2  3  4  5 |
---------------+----------------+-----
Long Blades    | 4 5 |  5.9
Armour         | 1 2 3 |  3.0
Dodging        | 4 |  4.4
Fighting       | 3 |  3.4
Throwing       | |  2.1
Stealth        | |  0.5

Action                   |  1- 3 |  4- 6 || total
-------------------------+-------+-------++-------
Melee: Long sword        |   103 |    80 ||   183
       Headbutt          |    14 |    13 ||    27
       Halberd           |       |     6 ||     6
Throw: Dart              |       |     3 ||     3
  Use: Scroll            |       |     8 ||     8
 Stab: Sleeping          |     1 |       ||     1
Armor: Leather armour    |    30 |     2 ||    32
       Ring mail         |       |    26 ||    26
Dodge: Dodged            |   101 |    61 ||   162
